 Dungeon Crawl Stone Soup version 0.20.1-1-g8b1a95d (webtiles) character file.

540 polve the Conjurer (level 7, -2/36 HPs)
             Began as a Gargoyle Fire Elementalist on Aug 10, 2017.
             Slain by Grinder (3 damage)
             ... on level 4 of the Dungeon.
             The game lasted 00:04:28 (4338 turns).

polve the Conjurer (Gargoyle Fire Elementalist)     Turns: 4338, Time: 00:04:28

Health: -2/36      AC:  7    Str: 11    XL:     7   Next: 26%
Magic:  3/10       EV: 12    Int: 18    God:
Gold:   195        SH:  0    Dex: 10    Spells: 6/10 levels left

rFire    . . .     SeeInvis .   m - +1 spear
rCold    . . .     Gourm    .   (no shield)
rNeg     + . .     Faith    .   a - +1 robe
rPois    ∞         Spirit   .   (no helmet)
rElec    +         Reflect  .   (no cloak)
rCorr    .         Harm     .   (no gloves)
MR       .....     Rnd*Tele +   (no boots)
Stlth    +.........             (no amulet)
Regen    0.2/turn               p - ring of teleportation (curse)
MPRegen  0.2/turn               l - ring of loudness (curse)

@: no status effects
A: negative energy resistance 1, electricity resistance, unbreathing,
petrification resistance, rot immunity, AC +4
a: no special abilities


You were on level 4 of the Dungeon.
You were hungry.

You visited 1 branch of the dungeon, and saw 4 of its levels.

You collected 195 gold pieces.

Inventory:

Hand Weapons
 m - a +1 spear (weapon)
Armour
 a - a +1 robe (worn)
 x - a +0 helmet
Jewellery
 g - an uncursed ring of protection from fire {unknown}
 j - a +3 ring of protection
 l - a cursed ring of loudness (right hand)
 p - a cursed ring of teleportation (left hand)
 w - a cursed -4 ring of dexterity {unknown}
Scrolls
 d - a scroll of identify
 e - 2 scrolls of enchant weapon
 t - 3 scrolls of teleportation
Potions
 f - 3 potions of lignification {unknown}
 h - a potion of invisibility {unknown}
 i - 2 potions of might
 k - a potion of magic
 n - a potion of heal wounds {unknown}
 o - a potion of curing {unknown}
 q - a potion of brilliance {unknown}
 s - a potion of flight {unknown}
 u - a potion of resistance {unknown}
 v - a potion of mutation {unknown}
Books
 b - a book of Flames

   Spells                             Type                      Level
   a - Flame Tongue                   Conjuration/Fire             1
   b - Throw Flame                    Conjuration/Fire             2
   c - Conjure Flame                  Conjuration/Fire             3
   d - Inner Flame                    Hexes/Fire                   3
   e - Sticky Flame                   Conjuration/Fire             4
   f - Fireball                       Conjuration/Fire             5
Comestibles
 c - 4 bread rations
 r - 3 fruits
 z - a chunk of flesh


   Skills:
 - Level 1.5 Dodging
 - Level 2.1 Stealth
 - Level 2.0 Spellcasting
 + Level 6.0 Conjurations
 + Level 5.8 Fire Magic


You had 6 spell levels left.
You knew the following spells:

 Your Spells              Type           Power        Failure   Level  Hunger
a - Flame Tongue          Conj/Fire      ###..        1%          1    #......
b - Conjure Flame         Conj/Fire      ###.....     4%          3    ###....


Dungeon Overview and Level Annotations

Branches:
Dungeon (4/15)
 Temple: D:4-7

Altars:
Kikubaaqudgha
Trog
Yredelemnul

Annotations:
D:4 Grinder


Innate Abilities, Weirdness & Mutations

You are resistant to torment.
Your stone body is resilient. (AC +4)
You are immune to poison.
You resist negative energy. (rN+)
You are resistant to electric shocks. (rElec)
You can survive without breathing.
You are immune to petrification.
You are immune to rotting.


Message History

Grinder hits you.
You writhe in agony.
Grinder barely misses you. Grinder hits you!
* * * LOW HITPOINT WARNING * * *
You writhe in agony.
* * * LOW HITPOINT WARNING * * *
Grinder hits you.
* * * LOW HITPOINT WARNING * * *
Grinder gestures at you.
You shrug off the repeated paralysis!
You can move again.
Casting: Flame Tongue
Confirm with . or Enter, or press ? or * to list all spells.
Aiming: Flame Tongue
Press: ? - help, Shift-Dir - straight line, f/p - Grinder
Aim: Grinder (moderately wounded)
The flame tongue misses Grinder.
Grinder hits you!
* * * LOW HITPOINT WARNING * * *
You writhe in agony.
You die...

#... #...#### .........# ...
..... ... .... #.. ..# #.# #5#
###### #.# #@##### .....# #.#
#.....# ####.#####.# #..##.#
...........#####.#.#.###########.
####.#####......###..#...........
#.# #.###.## ##..........#.. #.#
#.# ##.###.....).....#.. #.# #<#
#..#.#######.#..... #.# #.#
#.#.## #.#.....


You could see Grinder.

Vanquished Creatures
  Menkaure (D:4)
  A howler monkey (D:3)
  2 hounds (D:4)
  2 orc priests
  3 orc wizards
  6 adders
  2 oozes
  An adder skeleton (D:4)
  A worm (D:2)
  4 dart slugs (D:1)
  6 leopard geckos
  15 orcs
  14 bats
  A giant cockroach (D:2)
  7 goblins
  7 hobgoblins
  3 jackals (D:2)
  2 ball pythons
  2 frilled lizards
  9 kobolds
  8 rats
97 creatures vanquished.

Notes
Turn   | Place    | Note
-------+----------+-------------------------------------------
     0 | D:1      | polve the Gargoyle Fire Elementalist began the quest for the Orb.
     0 | D:1      | Reached XP level 1. HP: 10/10 MP: 3/3
   171 | D:1      | Reached XP level 2. HP: 9/15 MP: 1/5
   327 | D:1      | Reached skill level 2 in Conjurations
   749 | D:1      | Reached XP level 3. HP: 19/19 MP: 4/6
   905 | D:1      | Learned a level 3 spell: Conjure Flame
  1496 | D:2      | Reached skill level 3 in Conjurations
  1875 | D:2      | Reached XP level 4. HP: 24/24 MP: 4/7
  2110 | D:2      | Found a bloodstained altar of Trog.
  2110 | D:2      | Found an ancient bone altar of Kikubaaqudgha.
  2253 | D:3      | Reached XP level 5. HP: 7/28 MP: 1/8
  2375 | D:3      | Reached skill level 4 in Conjurations
  2905 | D:3      | Found a basalt altar of Yredelemnul.
  3435 | D:3      | Reached XP level 6. HP: 22/32 MP: 2/9
  3440 | D:3      | Reached skill level 5 in Conjurations
  3440 | D:3      | Reached skill level 5 in Fire Magic
  4055 | D:4      | Noticed Menkaure
  4059 | D:4      | Killed Menkaure
  4059 | D:4      | Reached skill level 6 in Conjurations
  4059 | D:4      | Reached XP level 7. HP: 34/36 MP: 4/10
  4323 | D:4      | Noticed Grinder
  4331 | D:4      | Paralysed by Grinder for 7 turns
  4338 | D:4      | HP: 1/36 [Grinder (8)]
  4338 | D:4      | Slain by Grinder

Skill      XL: |  1  2  3  4  5  6 |
---------------+-------------------+-----
Conjurations   | 2 3 4 6 |  6.0
Fire Magic     | 4 5 |  5.8
Dodging        | |  1.5
Stealth        | |  2.1
Spellcasting   | |  2.0

Action                   |  1- 3 |  4- 6 |  7- 9 || total
-------------------------+-------+-------+-------++-------
Melee: Unarmed           |    32 |       |       ||    32
       Spear             |    22 |   101 |       ||   123
       Mace              |    10 |       |       ||    10
 Cast: Flame Tongue      |    69 |    90 |    11 ||   170
  Use: Scroll            |     4 |     4 |     1 ||     9
       Potion            |       |     1 |       ||     1
  Eat: Chunk             |     4 |     8 |     1 ||    13
Armor: Robe              |    45 |    75 |       ||   120
Dodge: Dodged            |   109 |   109 |     4 ||   222
